 Dungeon Crawl Stone Soup version 0.23.1 (webtiles) character file.

Game seed: 8304484910191227836

11 redwoodhats the Vexing (level 2, 0/18 HPs)
             Began as an Octopode Arcane Marksman on Mar 14, 2019.
             Slain by a hobgoblin
             ... wielding a +0 club
              (7 damage)
             ... on level 1 of the Dungeon.
             The game lasted 00:04:10 (702 turns).

redwoodhats the Vexing (Octopode Arcane Marksman)    Turns: 702, Time: 00:04:11

Health: 0/18       AC:  1    Str:  9    XL:     2   Next: 29%
Magic:  3/3        EV: 12    Int: 15    God:
Gold:   106        SH:  3    Dex: 12    Spells: 2/3 levels left

rFire    . . .     SeeInvis .   l - +3 dagger
rCold    . . .     Gourm    .   j - +0 buckler
rNeg     . . .     Faith    .   (helmet restricted)
rPois    .         Spirit   .   (no amulet)
rElec    .         Reflect  .   (no ring)
rCorr    .         Harm     .   (no ring)
MR       .....                  (no ring)
Stlth    ++........             (no ring)
HPRegen  0.06/turn              (no ring)
MPRegen  0.08/turn              (no ring)
                                (no ring)
                                (no ring)

@: no status effects
A: almost no armour, stealthy swim, amphibious, 8 rings, constrict 8, camouflage
1, gelatinous body 1
a: no special abilities


You were on level 1 of the Dungeon.
You were not hungry.

You visited 1 branch of the dungeon, and saw 1 of its levels.

You collected 106 gold pieces.

Inventory:

Hand Weapons
 l - a +3 dagger (weapon)
Missiles
 b - 5 javelins (quivered)
 c - 2 throwing nets
Armour
 j - a +0 buckler (worn)
Jewellery
 h - an uncursed amulet of rage {unknown}
Scrolls
 a - 2 scrolls of random uselessness {unknown}
 e - a scroll of fear {unknown}
 i - a scroll of identify {unknown}
Potions
 f - a potion of lignification {unknown}
 g - a potion of brilliance {unknown}
 k - a potion of agility {unknown}
Comestibles
 d - a ration


   Skills:
 + Level 1.0 Fighting
 + Level 2.3 Throwing
 + Level 2.1 Dodging
 + Level 0.6 Stealth
 + Level 1.0 Spellcasting
 + Level 3.2 Hexes


You had 2 spell levels left.
You knew the following spells:

 Your Spells              Type           Power        Failure   Level  Hunger
a - Corona                Hex            ##.....      11%         1    ##.....

Your spell library contained the following spells:

 Spells                   Type           Power        Failure   Level  Hunger
 Slow                     Hex            ##......     16%         2    ###....
 Inner Flame              Hex/Fire       #.......     54%         3    ####...
 Portal Projectile        Hex/Tloc       #.....       54%         3    ####...
 Cause Fear               Hex            ##........   71%         4    #####..
 Leda's Liquefaction      Hex/Erth       #.........   91%         4    #####..


Dungeon Overview and Level Annotations

Branches:
Dungeon (1/15)

Altars:


Innate Abilities, Weirdness & Mutations

You cannot wear most types of armour.
You are very stealthy in the water. (Stealth+)
You are amphibious.
You can wear up to eight rings at the same time.
You can use your tentacles to constrict eight enemies at once.
Your skin changes colour to match your surroundings (Stealth+).
Your rubbery body absorbs attacks. (AC +1, EV +1)


Message History

You tentacle-slap the kobold but do no damage.
You constrict the kobold, but do no damage.
The kobold closely misses you.
You tentacle-slap the kobold but do no damage.
You constrict the kobold. The kobold hits you with a +3 dagger.
You tentacle-slap the kobold but do no damage.
You squeeze the kobold.
You kill the kobold!
Things that are here:
a +3 dagger; a stone
Things that are here:
a +3 dagger; a stone
l - a +3 dagger
l - a +3 dagger (weapon)
A hobgoblin comes into view. It is wielding a +0 club.
The hobgoblin hits you with a +0 club.
You hit the hobgoblin. You grab the hobgoblin.
The hobgoblin is heavily wounded.
You constrict the hobgoblin. The hobgoblin hits you with a +0 club!
You die...

############
#..(.......#
#.########.##
#.# #g@.# #.#
#.#.#.#
#######.#
.........
........#
###.#.#.#.#
######### .#
##...##.# #.#
###.### # #.#
#.....#.#
#.###.###.#.###
#.##..###.....


You could see a hobgoblin.

Vanquished Creatures
  A dart slug (D:1)
  A bat (D:1)
  2 goblins (D:1)
  A hobgoblin (D:1)
  2 kobolds (D:1)
  A rat (D:1)
8 creatures vanquished.

Notes
Turn   | Place    | Note
-------+----------+-------------------------------------------
     0 | D:1      | redwoodhats the Octopode Arcane Marksman began the quest
                  | for the Orb.
     0 | D:1      | Reached XP level 1. HP: 13/13 MP: 2/2
   412 | D:1      | Reached XP level 2. HP: 18/18 MP: 3/3
   702 | D:1      | Slain by a hobgoblin

Action                   || total
-------------------------++-------
Melee: Unarmed           ||    19
       Constrict         ||     7
       Tentacles         ||     7
       Dagger            ||     1
Throw: Javelin           ||     4
 Cast: Corona            ||     2
 Stab: Sleeping          ||     5
Armor: Skin              ||     3
Dodge: Dodged            ||    12
